 Dungeon Crawl Stone Soup version 0.17.1-2-g5865329 (webtiles) character file.

5555 Tiimeh the Spear-Bearer (level 10, -8/86 HPs)
             Began as a Minotaur Fighter on Feb 17, 2016.
             Was a Priest of Makhleb.
             Mangled by a skeletal warrior
             ... wielding a +0 long sword
              (23 damage)
             ... on level 9 of the Dungeon on Feb 18, 2016.
             The game lasted 01:13:57 (8933 turns).

Tiimeh the Spear-Bearer (Minotaur Fighter)          Turns: 8933, Time: 01:13:58

Health: -8/86      AC: 16    Str: 24    XL:     10   Next: 44%
Magic:  14/14      EV:  8    Int:  5    God:    Makhleb [***...]
Gold:   343        SH:  0    Dex: 10    Spells: 0 memorised, 9 levels left

rFire  . . .     SeeInvis .     a - +2 trident
rCold  . . .     Clarity  .     y - +0 plate armour
rNeg   + + .     SustAt   .     (no shield)
rPois  .         Gourm    .     (helmet restricted)
rElec  .         Spirit   .     (no cloak)
rCorr  .         Warding  .     u - +0 pair of gloves
rMut   .         Stasis   .     s - +0 pair of boots
MR     .....                    (no amulet)
Stlth  ..........               h - ring of positive energy
                                r - ring of positive energy

@: not resistant to hostile enchantments, extremely unstealthy
A: retaliatory headbutt, horns 2
a: Minor Destruction, Lesser Servant of Makhleb, Renounce Religion


You were on level 9 of the Dungeon.
You worshipped Makhleb.
Makhleb was most pleased with you.
You were not hungry.

You visited 1 branch of the dungeon, and saw 9 of its levels.

You collected 381 gold pieces.
You spent 38 gold pieces at shops.

Inventory:

Hand Weapons
 a - a +2 trident (weapon)
 C - a +0 halberd
Armour
 i - a +0 large shield
 s - a +0 pair of boots (worn)
 u - a +0 pair of gloves (worn)
 y - a +0 plate armour (worn)
 B - a troll hide
Jewellery
 h - a ring of positive energy (right hand)
 j - an uncursed amulet of stasis
 r - a ring of positive energy (left hand)
Wands
 w - a wand of magic darts (48)
Scrolls
 b - 3 scrolls of teleportation
 l - a scroll of torment {unknown}
 m - 2 scrolls of remove curse
 p - 2 scrolls of identify
 A - a scroll of fog
 D - 3 scrolls of immolation {unknown}
Potions
 f - a potion of agility
 g - 2 potions of flight
 k - 3 potions of curing
 q - a potion of lignification
 t - a potion of mutation {unknown}
 v - 2 potions of berserk rage {unknown}
 x - a potion of brilliance {unknown}
 z - 5 potions of heal wounds {unknown}
Comestibles
 d - 2 meat rations
 e - 7 bread rations
 n - 6 beef jerkies


   Skills:
 - Level 7.2 Fighting
 * Level 9.8 Polearms
 - Level 9.1 Armour
 - Level 3.2 Dodging
 - Level 1.3 Stealth
 - Level 8.8 Shields
 - Level 6.9 Invocations


You had 9 spell levels left.
You didn't know any spells.

Dungeon Overview and Level Annotations

Branches:
Dungeon (9/15)             Temple (0/1) D:4
   Lair: D:8-11         Orc: D:9-12

Altars:
Cheibriados
Dithmenos
Makhleb
Okawaru
Sif Muna
Trog
Yredelemnul
Zin

Shops:
D:4 %   D:6 *   D:8 (


Innate Abilities, Weirdness & Mutations

You reflexively headbutt those who attack you in melee.
You have a pair of horns on your head.


Message History

Your headbutt misses the skeletal warrior.
The skeletal warrior is heavily damaged.
You barely miss the skeletal warrior.
You headbutt the skeletal warrior, but do no damage.
The skeletal warrior is heavily damaged.
The skeletal warrior hits you but does no damage.
You hit the skeletal warrior but do no damage.
The skeletal warrior is heavily damaged.
The skeletal warrior hits you with a long sword!
* * * LOW HITPOINT WARNING * * *
You barely miss the skeletal warrior.
Your headbutt misses the skeletal warrior.
The skeletal warrior is heavily damaged.
You puncture the skeletal warrior! You headbutt the skeletal warrior.
The skeletal warrior is severely damaged.
The skeletal warrior hits you with a long sword.
* * * LOW HITPOINT WARNING * * *
You drop a +0 shield.
The skeletal warrior hits you with a long sword!!
You die...

#..# #.#####....####.. .
#..## ##.# ###..^## #....
#...###..####......###.....
#....##.#.....####.........
#...........## #..##.#....
#.....#......## ##.## # .
..##...##.....## ##..# #.
##..##......###..## .# #
#...##....@z....# #..#
##..#.....#####.## ##.#..
#....#...## ##.###..#.#
#...###...#####..#..#..#
#..# ##...............# #
...## #.........##....###
##.[# #.........###[...#. #
#..# ##.####..#..#.......
#. #.###..## #..#.......##.


You could see a skeletal warrior.

Vanquished Creatures
  The ghost of Tiimeh the Cudgeler, a novice HOFi of Beogh (D:6)
  A hill giant (D:8)
  A cyclops (D:9)
  The ghost of Tiimeh the Shield-Bearer, a novice GrFi of Gozag (D:5)
  A troll (D:9)
  Grinder (D:4)
  Prince Ribbit (D:8)
  A wyvern (D:9)
  A water moccasin (D:7)
  A soldier ant (D:6)
  An orc warrior (D:6)
  A sky beast (D:6)
  4 ogres
  2 black bears (D:6)
  3 ice beasts
  A centaur (D:7)
  Blork the orc (D:4)
  7 giant frogs
  A wyvern zombie (D:6)
  4 scorpions
  4 wights (D:8)
  A killer bee (D:6)
  4 crimson imps
  2 giant frog zombies
  An orc wizard (D:4)
  2 centaur zombies
  A quasit (D:8)
  A centaur skeleton (D:7)
  Natasha (thrice) (D:4)
  10 worker ants
  A killer bee zombie (D:9)
  A hound skeleton (D:4)
  Robin (D:3)
  6 adders
  17 gnolls
  3 adder skeletons
  4 oozes (D:2)
  2 adder zombies
  7 worms
  4 giant geckos
  9 orcs
  8 giant cockroaches
  11 goblins
  16 hobgoblins
  8 kobolds
  4 quokkas
  5 bats
  A giant gecko skeleton (D:5)
  A giant gecko zombie (D:7)
  3 giant newts
  15 jackals
  A jackal zombie (D:6)
  2 quokka zombies
  8 rats
  A bush (D:6)
203 creatures vanquished.

Vanquished Creatures (others)
  7 toadstools (D:1)
7 creatures vanquished.

Grand Total: 210 creatures vanquished

Notes
Turn   | Place    | Note
--------------------------------------------------------------
     0 | D:1      | Tiimeh the Minotaur Fighter began the quest for the Orb.
     0 | D:1      | Reached XP level 1. HP: 19/19 MP: 0/0
   176 | D:1      | Reached skill level 4 in Armour
   187 | D:1      | Reached XP level 2. HP: 27/27 MP: 1/1
   881 | D:2      | Found an iron altar of Okawaru.
   925 | D:2      | Reached XP level 3. HP: 33/33 MP: 2/2
  1025 | D:2      | Reached skill level 1 in Dodging
  1032 | D:2      | Reached XP level 4. HP: 24/40 MP: 3/3
  1645 | D:3      | Noticed Robin
  1930 | D:2      | Reached XP level 5. HP: 17/46 MP: 4/4
  2129 | D:3      | Killed Robin
  2260 | D:3      | Found a shadowy altar of Dithmenos.
  2702 | D:4      | Found a staircase to the Ecumenical Temple.
  2764 | D:4      | Reached skill level 5 in Shields
  3068 | D:4      | Found Esing's Food Shoppe.
  3079 | D:4      | Noticed Blork the orc
  3109 | D:4      | Killed Blork the orc
  3109 | D:4      | Reached skill level 5 in Armour
  3109 | D:4      | Reached XP level 6. HP: 28/53 MP: 5/5
  3242 | D:4      | Bought a royal jelly for 22 gold pieces
  3242 | D:4      | Bought a slice of pizza for 16 gold pieces
  3282 | D:4      | Reached skill level 1 in Stealth
  3349 | D:4      | Noticed Natasha
  3363 | D:4      | Killed Natasha
  3387 | D:4      | Noticed Grinder
  3397 | D:4      | Paralysed by Grinder for 5 turns
  3411 | D:4      | Paralysed by Grinder for 5 turns
  3424 | D:4      | Killed Grinder
  3424 | D:4      | Reached XP level 7. HP: 24/60 MP: 6/6
  3616 | D:4      | Found a deep blue altar of Sif Muna.
  3616 | D:4      | Found a shadowy altar of Dithmenos.
  3763 | D:4      | Reached skill level 6 in Armour
  3800 | D:4      | Found a burning altar of Makhleb.
  3808 | D:4      | Became a worshipper of Makhleb the Destroyer
  3837 | D:4      | Reached skill level 5 in Fighting
  3844 | D:4      | Noticed Natasha
  3853 | D:4      | Killed Natasha
  3885 | D:4      | Noticed Natasha
  3909 | D:4      | Killed Natasha
  4111 | D:5      | Entered Level 5 of the Dungeon
  4318 | D:5      | Found a basalt altar of Yredelemnul.
  4411 | D:5      | Noticed Tiimeh's ghost (novice GrFi)
  4659 | D:5      | Killed Tiimeh's ghost
  4659 | D:5      | Reached skill level 5 in Polearms
  4659 | D:5      | Reached XP level 8. HP: 27/69 MP: 7/7
  4788 | D:5      | Reached * piety under Makhleb
  5195 | D:6      | Reached skill level 7 in Armour
  5219 | D:6      | Found Zin's Purification Station.
  5225 | D:6      | Noticed Tiimeh's ghost (novice HOFi)
  5229 | D:6      | Found a glowing silver altar of Zin.
  5265 | D:6      | Killed Tiimeh's ghost
  5265 | D:6      | Reached skill level 8 in Armour
  5462 | D:6      | Found a bloodstained altar of Trog.
  5661 | D:6      | Reached XP level 9. HP: 10/78 MP: 8/8
  6199 | D:6      | Found a runed door.
  6202 | D:6      | Found a runed door.
  6209 | D:6      | Reached ** piety under Makhleb
  6234 | D:6      | Reached skill level 9 in Armour
  6417 | D:6      | Reached skill level 1 in Invocations
  7119 | D:7      | Reached skill level 5 in Invocations
  7173 | D:7      | Reached *** piety under Makhleb
  7648 | D:8      | Found Otuafum's Weapon Emporium.
  7675 | D:8      | Reached XP level 10. HP: 84/86 MP: 13/13
  7859 | D:8      | Noticed a hill giant
  7870 | D:8      | Killed a hill giant
  8025 | D:8      | Noticed Prince Ribbit
  8040 | D:8      | Killed Prince Ribbit
  8537 | D:9      | Found a snail-covered altar of Cheibriados.
  8585 | D:9      | Noticed a cyclops
  8604 | D:9      | Killed a cyclops
  8907 | D:9      | Noticed a skeletal warrior
  8933 | D:9      | Mangled by a skeletal warrior

Action                   |  1- 3 |  4- 6 |  7- 9 | 10-12 || total
-------------------------+-------+-------+-------+-------++-------
Melee: Trident           |    91 |   170 |   561 |   124 ||   946
Invok: Minor Destruction |       |       |     1 |       ||     1
  Use: Scroll            |     2 |     6 |     8 |     5 ||    21
       Potion            |       |     3 |     2 |       ||     5
  Eat: Chunk             |       |     3 |     8 |     1 ||    12
       Bread ration      |       |     2 |       |       ||     2
       Royal jelly       |       |       |     1 |       ||     1
       Pizza             |       |       |     1 |       ||     1
       Beef jerky        |       |       |       |     2 ||     2
